Map: Ephemeron LE

Players

Denver - Winner!

  • Race: Zerg Zerg
  • Spawn Location: 11:00

Taldan

  • Race: Protoss Protoss
  • Spawn Location: 5:00

VOD

Have the link to the VOD?

Description

Time

  • Played on: Sept. 6, 2019, 12:17 p.m.
  • Length: 1:57
Show
View Real Time Build Order
Export as new Build Order

Denver Zerg - Winner!

Build Orders: Pool Only 

Get SALT Encoding   

  12  0:00  Drone  
  13  0:13  Overlord  
  13  0:17  Drone  
  14  0:32  Drone x2  
  16  0:41  Spawning Pool  
  15  0:45  Drone  
  16  0:50  Drone  
  16  0:53  Extractor  
  16  1:21  Drone  
  17  1:29  Zergling x4  
  21  1:34  Zergling x2  
Show
View Real Time Build Order
Export as new Build Order

Taldan Protoss 

Build Orders:  

Get SALT Encoding   

  12  0:00  Probe  
  13  0:12  Probe  
  14  0:18  Pylon  
  14  0:25  Probe  
  15  0:36  Forge  
  15  0:39  Probe  
  16  0:52  Pylon  
  16  0:58  Probe  
  17  1:10  Photon Cannon  
  17  1:15  Gateway  
  17  1:28  Photon Cannon  
  17  1:32  Pylon  
  17  1:40  Pylon  
Tags
 
Matchup
PvZ
Opening
Pool Only
Player
Denver
Spawn Locations
Cross Positions
Add a new tag
Caveats
  • Supply blocks, unpowered buildings, or Contaminate may cause inaccurate times.
  • Supply counts are checked every 10 seconds.